AoeStats
← ManU

Four Lakes

503444389Analyzed
4v4 RM · 1mo ago on Aug 31, 2026· 39m 8s· 8 players
Game mode
Random Map
Map size
Large (8 player)
Population
200
Speed
Normal
Resources
Standard
Victory
Conquest
Starting age
Dark Age
Ending age
Imperial Age
RankedLock teamsTeams togetherTeam positionsShared explorationLock speedFull tech treeHidden civsTurbo modeCheats
Victory
Defeat
🇪🇸 Mongols · Spain
1035
+15
🇺🇸 Ethiopians · United States
1022
+16
🇺🇦 Khmer · Ukraine
976
+18
🇹🇷 Huns · Türkiye
966
+18
🇩🇪 Burgundians · Germany
1024
-40
🇷🇺 Britons · Russia
1017
-17
🇩🇪 Wu · Germany
1008
-16
🇩🇪 Persians · Germany
1003
-16
Demshredz
1:21 Loom
10:39 Feudal Age
17:49 Castle Age
15:37 Double-Bit Axe
15:49 Fishing Lines
19:07 Wheelbarrow
18:46 Bow Saw
18:25 Horse Collar
19:39 Heavy Plow
20:07 Hand Cart
20:51 Gillnets
23:17 Bloodlines
23:08 Husbandry
23:21 Forging
24:15 Gold Mining
24:16 Stone Mining
25:36 Scale Barding Armor
26:49 Gold Shaft Mining
26:50 Stone Shaft Mining
33:08 Chain Barding Armor
37:32 Imperial Age
36:24 Iron Casting
37:18 Elite War Elephant
39:22 Two-Man Saw
39:05 Crop Rotation
Gimli der Geier
11:07 Feudal Age
12:08 Loom
14:50 Castle Age
15:34 Double-Bit Axe
15:42 Horse Collar
19:34 Fletching
22:02 Bow Saw
22:46 Heavy Plow
23:45 Bodkin Arrow
24:08 Gold Mining
28:27 Ballistics
28:20 Red Cliffs Tactics
28:25 Padded Archer Armor
29:44 Leather Archer Armor
32:12 Wheelbarrow
31:23 Town Watch
34:04 Hand Cart
33:54 Town Patrol
38:51 Imperial Age
37:16 Gold Shaft Mining
36:38 Stone Mining
shamannking1993
4:52 Loom
12:21 Feudal Age
14:50 Fletching
15:01 Padded Archer Armor
26:15 Castle Age
27:06 Wheelbarrow
26:22 Crossbowman
26:23 Elite Skirmisher
28:21 Double-Bit Axe
30:07 Horse Collar
30:34 Bodkin Arrow
40:56 Imperial Age
ManU
6:52 Double-Bit Axe
8:23 Wheelbarrow
11:28 Feudal Age
9:56 Horse Collar
12:52 Bow Saw
14:13 Heavy Plow
20:21 Loom
23:48 Castle Age
22:59 Gold Mining
23:00 Stone Mining
24:37 Hand Cart
24:51 Scale Barding Armor
25:57 Elite Skirmisher
27:20 Scale Mail Armor
27:30 Forging
27:21 Padded Archer Armor
27:11 Fletching
26:46 Pikeman
30:19 Burgundian Vineyards
31:47 Crop Rotation
35:43 Two-Man Saw
37:08 Chain Barding Armor
38:17 Leather Archer Armor
Alogib
11:01 Feudal Age
11:44 Double-Bit Axe
17:15 Castle Age
15:31 Fishing Lines
16:50 Horse Collar
18:07 Bow Saw
18:46 Heavy Plow
19:09 Stone Mining
20:00 Gold Mining
20:29 Fletching
24:01 Wheelbarrow
23:25 Bodkin Arrow
24:34 Gillnets
25:47 Loom
29:22 Imperial Age
28:24 Gold Shaft Mining
28:17 Bloodlines
28:34 Ballistics
28:46 Husbandry
28:58 Scale Barding Armor
31:43 Chemistry
30:57 Bracer
32:01 Hand Cart
33:00 Conscription
33:03 Siege Engineers
34:04 Caravan
34:15 Elite Ballista Elephant
36:53 Double Crossbow
36:50 Town Watch
37:38 Padded Archer Armor
38:01 Chain Barding Armor
Zizzle4879
2:11 Loom
11:24 Feudal Age
13:07 Double-Bit Axe
14:09 Fletching
16:46 Horse Collar
22:05 Castle Age
21:27 Padded Archer Armor
21:51 Gold Mining
21:56 Stone Mining
22:07 Crossbowman
24:42 Town Watch
25:23 Bodkin Arrow
28:20 Leather Archer Armor
29:58 Bow Saw
36:27 Imperial Age
34:25 Ballistics
34:52 Forging
34:42 Scale Mail Armor
36:32 Thumb Ring
36:58 Squires
37:51 Wheelbarrow
37:27 Arbalester
39:36 Conscription
Rey_Pablium
5:45 Loom
10:42 Feudal Age
16:45 Wheelbarrow
17:15 Forging
20:46 Castle Age
19:26 Scale Barding Armor
21:03 Fletching
21:14 Padded Archer Armor
22:39 Double-Bit Axe
22:37 Horse Collar
23:41 Husbandry
24:52 Bloodlines
25:46 Hand Cart
25:44 Bow Saw
25:38 Heavy Plow
28:11 Bodkin Arrow
30:29 Chain Barding Armor
30:26 Leather Archer Armor
36:16 Imperial Age
35:48 Ballistics
36:07 Thumb Ring
37:24 Conscription
37:18 Bracer
37:45 Light Cavalry
39:10 Parthian Tactics
ertk
0:34 Loom
11:29 Feudal Age
16:03 Castle Age
13:57 Double-Bit Axe
14:04 Horse Collar
15:37 Wheelbarrow
17:22 Bow Saw
24:11 Fishing Lines
25:15 Gold Mining
25:49 Gillnets
26:05 Stone Mining
29:24 Scale Barding Armor
29:30 Forging
31:55 Imperial Age
30:02 Marauders
31:00 Gold Shaft Mining
32:00 Chain Barding Armor
32:16 Iron Casting
31:43 Scale Mail Armor
32:03 Husbandry
32:13 Bloodlines
32:16 Elite Tarkan
33:19 Conscription
33:55 Pikeman
34:35 Squires
37:14 Plate Barding Armor
37:48 Blast Furnace
36:53 Halberdier
39:41 Caravan
Connection lost

Rejoining the realm…

Still unreachable

The connection could not be restored.

Session expired

The server has moved on; the page needs a fresh start.